 Dungeon Crawl Stone Soup version 0.20.1-1-g8b1a95d (webtiles) character file.

24 digijack the Sneak (level 3, -1/18 HPs)
             Began as a Vine Stalker Assassin on Oct 20, 2017.
             Slain by a worm (6 damage)
             ... on level 2 of the Dungeon.
             The game lasted 00:05:43 (1289 turns).

digijack the Sneak (Vine Stalker Assassin)          Turns: 1289, Time: 00:05:44

Health: -1/18      AC:  3    Str: 13    XL:     3   Next: 2%
Magic:  0/4        EV: 12    Int: 11    God:
Gold:   41         SH:  0    Dex: 16    Spells: 2/2 levels left

rFire    . . .     SeeInvis .   l - -2 hunting sling (curse)
rCold    . . .     Gourm    .   (no shield)
rNeg     . . .     Faith    .   c - +0 robe
rPois    .         Spirit   +   (no helmet)
rElec    .         Reflect  .   d - +0 cloak
rCorr    .         Harm     .   (no gloves)
MR       +....     Clarity  +   (no boots)
Stlth    +++.......             (no amulet)
Regen    0.1/turn               i - ring of protection from magic
MPRegen  0.1/turn               (no ring)

@: no status effects
A: fangs 2, clarity, wild magic 1, magic shield, antimagic bite, no potion heal
3, rot immunity
a: no special abilities


You were on level 2 of the Dungeon.
You were not hungry.

You visited 1 branch of the dungeon, and saw 2 of its levels.

You collected 41 gold pieces.

Inventory:

Hand Weapons
 a - a +2 dagger
 b - a +0 blowgun
 l - a cursed -2 hunting sling (weapon)
Missiles
 e - 8 poisoned needles
 f - 2 curare-tipped needles
 m - 19 stones (quivered)
Armour
 c - a +0 robe (worn)
 d - a +0 cloak (worn)
Jewellery
 i - a ring of protection from magic (left hand)
Scrolls
 h - a scroll of identify
Comestibles
 g - a bread ration
 j - 2 fruits
 k - a royal jelly
 n - a chunk of flesh


   Skills:
 + Level 2.0 Fighting
 + Level 2.1 Short Blades
 + Level 1.7 Throwing
 + Level 0.8 Dodging
 + Level 5.6 Stealth


You had 2 spell levels left.
You didn't know any spells.

Dungeon Overview and Level Annotations

Branches:
Dungeon (2/15)

Altars:


Innate Abilities, Weirdness & Mutations

You have extremely sharp teeth.
When hurt, damage is shared between your health and your magic reserves.
Your bite disrupts and absorbs the magic of your enemies.
Potions cannot restore your health.
You are immune to rotting.
You possess an exceptional clarity of mind.
Your spells are a little harder to cast, but a little more powerful.


Message History

The bat closely misses you. The worm bites you but does no damage.
You clumsily bash the worm but do no damage.
The bat hits you but does no damage. The worm bites you.
You clumsily bash the worm but do no damage.
You bite the worm, but do no damage. The bat hits you but does no damage.
You clumsily bash the worm but do no damage.
You bite the worm, but do no damage. The bat barely misses you.
The worm bites you.
You clumsily bash the worm but do no damage.
You bite the worm. You drain its power.
You feel invigorated.
The worm is lightly wounded.
The bat closely misses you. The worm barely misses you.
You clumsily bash the worm but do no damage.
Your bite misses the worm. The bat hits you. The worm bites you.
You barely miss the worm. Your bite misses the worm.
The bat closely misses you. The worm bites you!
* * * LOW HITPOINT WARNING * * *
You clumsily bash the worm but do no damage.
You bite the worm, but do no damage. The bat misses you. The worm bites you!
You die...

#.#..... . #.#.......
#.# #.#....... #..
#.#.......
#.########.#b......
#...........##.....
#..........w..#
#.........@...####
##................
#..###...........
#######.###......%....
.........##.......####
.........##.......#
.........##.......#
.........##.......#
..........#.........


You could see a worm and a bat.

Vanquished Creatures
  4 giant cockroaches
  A goblin (D:1)
  3 hobgoblins (D:1)
  4 jackals (D:1)
  2 kobolds (D:1)
  A bat (D:1)
  A frilled lizard (D:1)
  5 rats (D:1)
21 creatures vanquished.

Notes
Turn   | Place    | Note
-------+----------+-------------------------------------------
     0 | D:1      | digijack the Vine Stalker Assassin began the quest for the Orb.
     0 | D:1      | Reached XP level 1. HP: 11/11 MP: 2/2
    28 | D:1      | Reached skill level 5 in Stealth
   356 | D:1      | Reached XP level 2. HP: 15/15 MP: 3/3
   383 | D:1      | Gained mutation: Your spells are a little harder to cast, but a little more powerful. [potion of mutation]
   383 | D:1      | Gained mutation: You possess an exceptional clarity of mind. [potion of mutation]
  1173 | D:2      | Reached XP level 3. HP: 13/18 MP: 4/4
  1289 | D:2      | Slain by a worm

Skill      XL: |  1  2 |
---------------+-------+-----
Stealth        | 5 |  5.6
Short Blades   | 2 |  2.1
Fighting       | 2 |  2.0
Throwing       | |  1.7
Dodging        | |  0.8

Action                   || total
-------------------------++-------
Melee: Dagger            ||    53
       Hunting sling     ||    38
       Bite              ||    20
  Use: Potion            ||     2
       Scroll            ||     1
 Stab: Sleeping          ||     6
       Distracted        ||     1
  Eat: Chunk             ||     1
Armor: Robe              ||    29
Dodge: Dodged            ||    64
